 Dungeon Crawl Stone Soup version 0.29.0-5-ge4962eb29e (webtiles) character file.

Game seed: 7854403005217083895

937 Zeldest the Chopper (level 8, -2/70 HPs)
             Began as a Ghoul Monk on Aug 30, 2022.
             Was a Believer of Makhleb.
             Slain by a water moccasin (3 damage)
             ... on level 6 of the Dungeon.
             The game lasted 00:03:49 (5610 turns).

Zeldest the Chopper (Ghoul Monk)                    Turns: 5610, Time: 00:03:49

Health: -2/70      AC:  9    Str: 17    XL:     8   Next: 12%
Magic:  10/10      EV:  7    Int:  5    God:    Makhleb [**....]
Gold:   378        SH:  0    Dex: 11    Spells: 7/7 levels left

rFire   . . .      SeeInvis .   q - +3 flail (drain)
rCold   + . .      Faith    .   (no shield)
rNeg    + + +      Spirit   .   A - +0 chain mail
rPois   ∞          Reflect  .   h - +1 hat
rElec   .          Harm     .   u - scarf {repulsion}
rCorr   .          Rampage  .   (no gloves)
Will    .....                   (no boots)
Stlth   ..........              (no amulet)
HPRegen 0.00/turn               (no ring)
MPRegen 0.12/turn               (no ring)

@: inhibited regen, repel missiles
A: claws 1, cold resistance 1, negative energy resistance 3, inhibited
regeneration, torment resistance 2, devour on kill
a: Renounce Religion, Minor Destruction


You were on level 6 of the Dungeon.
You worshipped Makhleb.
Makhleb was pleased with you.
You visited 2 branches of the dungeon, and saw 7 of its levels.

You collected 378 gold pieces.

Inventory:

Hand Weapons
 a - a +0 hand axe
 q - a +3 flail of draining (weapon)
Missiles
 e - 2 curare-tipped darts (quivered)
Armour
 h - a +1 hat (worn)
 u - a scarf of repulsion (worn)
 A - a +0 chain mail (worn)
Jewellery
 B - an amulet of guardian spirit
Wands
 z - a wand of charming (7)
Scrolls
 b - a scroll of magic mapping {unknown}
 d - 3 scrolls of teleportation {unknown}
 i - 3 scrolls of vulnerability {unknown}
 j - 4 scrolls of identify {unknown}
 m - a scroll of silence {unknown}
 p - a scroll of immolation {unknown}
 s - a scroll of fear {unknown}
 t - 3 scrolls of enchant weapon {unknown}
 v - a scroll of brand weapon {unknown}
 w - 2 scrolls of noise {unknown}
 y - a scroll of torment {unknown}
Potions
 c - a potion of ambrosia
 f - a potion of berserk rage {unknown}
 g - 2 potions of heal wounds {unknown}
 k - a potion of curing {unknown}
 l - a potion of invisibility {unknown}
 n - 2 potions of attraction {unknown}
 o - a potion of flight {unknown}
 r - a potion of degeneration {unknown}
 x - a potion of might {unknown}
 C - a potion of magic {unknown}
 D - a potion of mutation {unknown}


   Skills:
 + Level 5.9 Fighting
 * Level 6.4 Axes
 - Level 2.6 Dodging
 - Level 2.1 Stealth
 + Level 4.7 Invocations


You had 7 spell levels left.
You didn't know any spells.
Your spell library contained the following spells:

 Spells                   Type           Power      Damage    Failure   Level
 Freeze                   Ice            0%         1d3       100%        1
 Blink                    Tloc           0%         N/A       100%        2
 Frozen Ramparts          Ice            0%         1d1       100%        3
 Lesser Beckoning         Tloc           0%         N/A       100%        3
 Ozocubu's Armour         Ice            0%         N/A       100%        3
 Hailstorm                Conj/Ice       0%         3d3       100%        4
 Freezing Cloud           Conj/Ice/Air   0%         6-21      100%        5
 Manifold Assault         Tloc           0%         N/A       100%        5
 Simulacrum               Ice/Necr       0%         N/A       100%        6
 Ozocubu's Refrigeration  Ice            0%         4d7       100%        7
 Polar Vortex             Ice            0%         N/A       100%        9


Dungeon Overview and Level Annotations

Branches:
Dungeon (6/15)             Temple (1/1) D:5

Altars:
Ashenzari
Cheibriados
Dithmenos
Makhleb
Nemelex Xobeh
Ru
Sif Muna
Trog
Uskayaw
Yredelemnul


Innate Abilities, Weirdness & Mutations

You are immune to poison.
You have sharp fingernails.
Your flesh is cold resistant. (rC+)
You are immune to negative energy. (rN+++)
You do not regenerate when monsters are visible.
You are immune to unholy pain and torment.
You thrive by killing the living.


Message History

The iguana closely misses you.
The kobold brigand hits you with a +0 short sword.
The water moccasin bites you.
You miss the water moccasin.
The water moccasin is severely wounded.
The water moccasin barely misses you.
The kobold hits you with a +0 short sword.
An orc wizard comes into view. It is wielding a +1 dagger of venom.
The kobold barely misses you. The iguana bites you.
* * * LOW HITPOINT WARNING * * *
The kobold brigand hits you with a +0 short sword.
* * * LOW HITPOINT WARNING * * *
The water moccasin bites you but does no damage.
You sock the kobold brigand! You drain the kobold brigand.
The kobold brigand is heavily wounded.
The kobold hits you but does no damage. The iguana bites you.
* * * LOW HITPOINT WARNING * * *
The kobold brigand barely misses you. The kobold completely misses you.
The water moccasin barely misses you. The kobold barely misses you. x2
The kobold brigand hits you but does no damage.
The iguana bites you but does no damage.
The iguana attacks as you move away!
The iguana bites you but does no damage.
The kobold attacks as you move away! The kobold hits you with a +0 whip.
* * * LOW HITPOINT WARNING * * *
The water moccasin bites you.
* * * LOW HITPOINT WARNING * * *
The kobold completely misses you.
You hit the water moccasin but do no damage.
The water moccasin is severely wounded.
The water moccasin bites you.
* * * LOW HITPOINT WARNING * * *
The kobold barely misses you.
You closely miss the water moccasin.
The water moccasin is severely wounded.
The water moccasin bites you.
* * * LOW HITPOINT WARNING * * *
An orc comes into view. It is wielding a +0 mace.
The water moccasin bites you.
You die...

#.#.....#...## #.
###........## #.
#....#....### ##.
##...#.......##.. #
#..##..#........ #.
##..##..####..... .#..
#...##...........
.....####...##...........
.......#@...#...#######..
....o.KSK...# # ##.
......lK##### #.
.......K# . ........# .
........# ........#
..o.....# ........#


You could see a water moccasin, a kobold brigand (drained), an iguana, an orc
wizard, an orc (wandering) and 3 kobolds.

Vanquished Creatures
  Prince Ribbit (D:6)
  A water moccasin (D:5)
  A scorpion (D:6)
  2 hounds
  A gnoll bouda (D:5)
  2 orc priests
  5 iguanas
  3 orc wizards
  8 adders
  5 gnolls (D:5)
  2 white imps (D:6)
  An ufetubus (D:6)
  3 worms (D:3)
  2 dart slugs
  12 orcs
  9 endoplasms
  2 giant cockroaches
  8 goblins
  8 hobgoblins
  7 quokkas
  4 ball pythons
  4 bats
  5 kobolds
  6 rats
102 creatures vanquished.

Vanquished Creatures (others)
  An adder (D:6)
  5 plants (D:3)
6 creatures vanquished.

Grand Total: 108 creatures vanquished

Notes
Turn   | Place    | Note
-------+----------+-------------------------------------------
     0 | D:1      | Zeldest the Ghoul Monk began the quest for the Orb.
     0 | D:1      | Reached XP level 1. HP: 19/19 MP: 0/0
   415 | D:1      | Reached skill level 3 in Axes
   415 | D:1      | Reached XP level 2. HP: 26/26 MP: 1/1
   974 | D:2      | Reached skill level 1 in Invocations
  1007 | D:2      | Found a faded altar of an unknown god.
  1021 | D:2      | Reached XP level 3. HP: 31/31 MP: 2/2
  1405 | D:2      | Found a sacrificial altar of Ru.
  1872 | D:3      | Reached XP level 4. HP: 34/40 MP: 4/4
  2609 | D:4      | Reached skill level 4 in Axes
  2609 | D:4      | Reached XP level 5. HP: 24/46 MP: 5/5
  2790 | D:4      | Found a bloodstained altar of Trog.
  3160 | D:4      | Reached XP level 6. HP: 53/53 MP: 7/7
  3999 | D:5      | Entered Level 5 of the Dungeon
  4070 | D:5      | Found a shimmering blue altar of Sif Muna.
  4147 | D:5      | Noticed a water moccasin
  4162 | D:5      | Killed a water moccasin
  4163 | D:5      | Reached skill level 5 in Axes
  4177 | D:5      | Reached skill level 5 in Fighting
  4364 | D:5      | Found a staircase to the Ecumenical Temple.
  4377 | D:5      | Reached XP level 7. HP: 61/61 MP: 8/8
  4384 | Temple   | Entered the Ecumenical Temple
  4407 | Temple   | Became a worshipper of Makhleb the Destroyer
  4407 | Temple   | Reached * piety under Makhleb
  4407 | Temple   | Reached ** piety under Makhleb
  5224 | D:6      | Reached skill level 6 in Axes
  5475 | D:6      | Noticed Prince Ribbit
  5479 | D:6      | Killed Prince Ribbit
  5480 | D:6      | Reached XP level 8. HP: 63/70 MP: 10/10
  5610 | D:6      | HP: 1/70 [water moccasin (3)]
  5610 | D:6      | Slain by a water moccasin

Illustrated notes

Levels and vault maps discovered:
D:1:      shiori_arrival_maze, layout_loops_ring, minivault_14,
          hangedman_feature_mirror, minmay_hexomino_p4
D:2:      layout_loops_cross, hellmonk_ecumenical_altar_lost_god, basic_altar
D:3:      layout_basic, serial_bayou_pond_a
D:4:      layout_basic, trog_butcher_becter
D:5:      layout_basic, mainiacjoe_overflow_24_doors, minmay_temple_entry_tees
D:6:      layout_layer_cave, nicolae_zen_rock_garden, grunt_ministairs_8,
          dk_vineyard_1, uniq_prince_ribbit1
Temple:   nicolae_temple_god_jail

Skill      XL: |  1  2  3  4  5  6  7 |
---------------+----------------------+-----
Axes           | 3 4 5 6 |  6.4
Invocations    | 1 2 3 4 |  4.7
Fighting       | 4 5 |  5.9
Dodging        | |  2.6
Stealth        | |  2.1

Action                   |  1- 3 |  4- 6 |  7- 9 || total
-------------------------+-------+-------+-------++-------
Melee: Hand axe          |   120 |    22 |       ||   142
       Punch             |     1 |     2 |       ||     3
       Flail             |       |   116 |    94 ||   210
Evoke: Wand              |       |       |     1 ||     1
  Use: Potion            |       |       |     1 ||     1
 Stab: Sleeping          |       |     1 |       ||     1
Armor: Robe              |     5 |       |       ||     5
       Ring mail         |    29 |    44 |       ||    73
       Chain mail        |       |     2 |    75 ||    77
Dodge: Dodged            |    84 |    82 |    56 ||   222
       Repelled          |       |     1 |     1 ||     2
